 Dungeon Crawl Stone Soup version 0.23-a0-61-g4bf3f6c (webtiles) character file.

17 Amnesiac the Conjurer (level 2, -3/19 HPs)
             Began as a Mummy Conjurer on Aug 9, 2018.
             Slain by a gnoll (6 damage)
             ... on level 3 of the Dungeon.
             The game lasted 00:01:40 (674 turns).

Amnesiac the Conjurer (Mummy Conjurer)               Turns: 674, Time: 00:01:41

Health: -3/19      AC:  6    Str: 11    XL:     2   Next: 44%
Magic:  5/6        EV: 10    Int: 14    God:
Gold:   0          SH:  0    Dex: 12    Spells: 4/7 levels left

rFire    x . .     SeeInvis .   h - +0 mace
rCold    + . .     Gourm    .   (no shield)
rNeg     + + +     Faith    .   g - +0 ring mail
rPois    ∞         Spirit   .   (no helmet)
rElec    .         Reflect  .   (no cloak)
rCorr    .         Harm     .   (no gloves)
MR       .....     Rnd*Tele +   f - +0 pair of boots
Stlth    +.........             (no amulet)
HPRegen  0.06/turn              b - ring of teleportation (curse)
MPRegen  0.10/turn              (no ring)

@: very slightly contaminated
A: no food or potions, fire vulnerability, cold resistance 1, negative energy
resistance 3, torment resistance, unbreathing
a: no special abilities


You were on level 3 of the Dungeon.
You were not hungry.

You visited 1 branch of the dungeon, and saw 3 of its levels.

Inventory:

Hand Weapons
 h - a +0 mace (weapon)
Missiles
 c - 21 stones (quivered)
Armour
 a - a +0 robe
 f - a +0 pair of boots (worn)
 g - a +0 ring mail (worn)
Jewellery
 b - a cursed ring of teleportation (left hand)
Scrolls
 d - a scroll of remove curse {!r, unknown}
 e - a scroll of teleportation {!r, unknown}


   Skills:
 - Level 1.5 Dodging
 - Level 1.5 Stealth
 + Level 3.4 Spellcasting
 * Level 3.5 Conjurations


You had 4 spell levels left.
You knew the following spells:

 Your Spells              Type           Power        Failure   Level  Hunger
a - Magic Dart            Conj           ##..         12%         1    N/A
d - Searing Ray           Conj           ##....       17%         2    N/A

Your spell library contained the following spells:

 Spells                   Type           Power        Failure   Level  Hunger
 Iskenderun's Mystic Bla  Conj           ##......     75%         4    N/A
 Fulminant Prism          Conj/Hex       #.........   94%         4    N/A
 Dazzling Spray           Conj/Hex       #.....       58%         3    N/A
 Force Lance              Conj/Tloc      #.......     94%         4    N/A

Dungeon Overview and Level Annotations

Branches:
Dungeon (3/15)

Altars:

Annotations:
D:2 Robin
D:3 Jessica


Innate Abilities, Weirdness & Mutations

You do not eat or drink.
Your flesh is vulnerable to fire.
You are immune to poison.
Your flesh is cold resistant. (rC+)
You are immune to negative energy. (rN+++)
You are immune to unholy pain and torment.
You can survive without breathing.


Message History

2 jackals, a worm, a gnoll and a dart slug come into view.
The gnoll shouts!
The jackal barks! x2; You hear a shout!
You hear an angry hiss.
Found a ration and a shiny steel ring.
Found an escape hatch in the ceiling.
Found a stone staircase leading down.
There is a stone staircase leading up here.
Jessica the Apprentice Sorceress comes into view.
She is wielding a club.
Jessica shouts!
The dart slug launches a dart at you. The slug dart misses you.
A hobgoblin comes into view.
Jessica mumbles some strange words.
Jessica seems to speed up.
You hear an angry hiss.
An adder comes into view.
The hobgoblin shouts!
The adder hisses angrily.
Jessica hits you but does no damage. Jessica barely misses you.
Found a chain mail.
You see here a shiny steel ring.
b - a shiny steel ring Jessica barely misses you.
The adder barely misses you. The adder bites you but does no damage.
Jessica grins evilly.
Jessica hits you but does no damage. The adder bites you but does no damage.
Jessica hits you but does no damage.
Jessica gestures wildly.
The jackal bites you but does no damage.
Found a coral ring.
The adder closely misses you. The jackal barely misses you.
Search for what [Enter for "sli", or ? for help]? ring Put on which piece of jewellery? (? for menu, Esc to quit)
You feel slightly jumpy.
Oops, that ring feels deathly cold.
b - a cursed ring of teleportation (left hand)
The jackal bites you.
Jessica casts a spell.
Jessica blinks!
A gnoll comes into view. It is wielding a spear.
The jackal barely misses you. The adder bites you but does no damage.
The gnoll hits you but does no damage.
The jackal bites you but does no damage.
Jessica looks very angry.
Casting: Magic Dart (safe; 12% risk of failure)
Confirm with . or Enter, or press ? or * to list all spells.
Aiming: Searing Ray (safe; 17% risk of failure)
Press: ? - help, Shift-Dir - straight line, f - gnoll
Aim: a gnoll You miscast Searing Ray.
You are very lightly contaminated with residual magic.
Your skin glows momentarily.
The gnoll hits you. The gnoll hits you.
Jessica grins evilly.
Found a scroll labeled FUNULL IDIREG.
A gnoll comes into view. It is wielding a whip.
The gnoll shouts!
A gnoll comes into view. It is wielding a spear of venom.
The gnoll completely misses you.
You hit the gnoll.
The gnoll is moderately wounded.
The gnoll hits you from afar with a spear of venom!
* * * LOW HITPOINT WARNING * * *
The gnoll hits you.
You die...

.........##................
##.##............<.........
#....g.g........w..........
#....#w........g...........
#....#@##.w................
#....#.###g....%...........
#... #h# #g.............# #
#h# #g#.####...<...# #.#
#@#.# ###........ #.###g#.#
#........ #.h.hS..#
##..##... #......## ...# ..
###...?# .... . #....#
>.... #....# ....... #....#
#....#


You could see a worm, 3 gnolls, an adder, a jackal and a hobgoblin.

Vanquished Creatures
  An adder (D:2)
  2 hobgoblins (D:1)
  A frilled lizard (D:1)
  A goblin (D:1)
  4 kobolds
  A rat (D:1)
10 creatures vanquished.

Notes
Turn   | Place    | Note
-------+----------+-------------------------------------------
     0 | D:1      | Amnesiac the Mummy Conjurer began the quest for the Orb.
     0 | D:1      | Reached XP level 1. HP: 13/13 MP: 4/4
   411 | D:2      | Noticed Robin
   537 | D:2      | Reached XP level 2. HP: 18/19 MP: 0/6
   541 | D:2      | Learned a level 2 spell: Searing Ray
   642 | D:3      | Noticed Jessica
   674 | D:3      | Slain by a gnoll

Vault maps used:
D:1:      minmay_arrival_semitransparent
D:2:      kennysheep_generic_room_6, uniq_robin
D:3:      first_ration, uniq_natasha, uniq_jessica

Skill      XL: |  1 |
---------------+----+-----
Spellcasting   | 3 |  3.4
Dodging        | |  1.5
Stealth        | |  1.5
Conjurations   | |  3.5

Action                   || total
-------------------------++-------
Melee: Hand axe          ||    10
       Mace              ||     5
 Cast: Magic Dart        ||    17
       Searing Ray       ||     1
Armor: Ring mail         ||    16
       Robe              ||     2
Dodge: Dodged            ||    26

Table legend:
 A = Non-vault XP
 B = Vault XP
 C = Vault XP percentage of total XP
 D = Non-vault monster count
 E = Vault monster count
 F = Vault count percentage of total count
 G = Total turns spent on level
                 A         B        C        D         E       F
            +---------+---------+-------+---------+---------+-------
      Total |      20 |       5 |  20.0 |       7 |       3 |  30.0
            +---------+---------+-------+---------+---------+-------
        D:1 |       4 |       5 |  55.6 |       4 |       3 |  42.9
        D:2 |      16 |       0 |   0.0 |       3 |       0 |   0.0
            +---------+---------+-------+---------+---------+-------
